 Dungeon Crawl Stone Soup version 0.28-a0-1395-g4f6bc678fa (webtiles) character file.

Game seed: 8703520336885676692

2 eustatius the Sneak (level 1, -2/13 HPs)
             Began as a Demonspawn Wanderer on Jan 5, 2022.
             Slain by an adder (3 damage)
             ... on level 2 of the Dungeon.
             The game lasted 00:01:03 (42 turns).

eustatius the Sneak (Demonspawn Wanderer)             Turns: 42, Time: 00:01:04

Health: -2/13      AC:  2    Str: 12    XL:     1   Next: 25%
Magic:  0/3        EV: 11    Int: 13    God:
Gold:   0          SH:  0    Dex: 12    Spells: 3/4 levels left

rFire   . . .      SeeInvis .   a - +0 dagger
rCold   . . .      Faith    .   (no shield)
rNeg    . . .      Spirit   .   e - +0 robe
rPois   .          Reflect  .   (no helmet)
rElec   .          Harm     .   (no cloak)
rCorr   .          Rampage  .   (no gloves)
Will    .....                   (no boots)
Stlth   +++.......              (no amulet)
HPRegen 0.04/turn               (no ring)
MPRegen 0.08/turn               (no ring)

@: lethally poisoned (-2 -> -6)
A: no striking features
a: no special abilities


You were on level 2 of the Dungeon.
You visited 1 branch of the dungeon, and saw 2 of its levels.

Inventory:

Hand Weapons
 a - a +0 dagger (weapon)
Missiles
 b - an atropa-tipped dart (quivered)
 c - a datura-tipped dart
Armour
 e - a +0 robe (worn)
Miscellaneous
 d - a piece from Xom's chessboard (15/15)


   Skills:
 + Level 1.0 Dodging
 + Level 4.6 Stealth
 + Level 2.0 Spellcasting
 + Level 2.0 Evocations


You had 3 spell levels left.
You knew the following spells:

 Your Spells              Type           Power      Damage    Failure   Level
a - Magic Dart            Conj           4%         1d3       26%         1

Your spell library contained the following spells:

 Spells                   Type           Power      Damage    Failure   Level
 Stone Arrow              Conj/Erth      2%         3d7       58%         3


Dungeon Overview and Level Annotations

Branches:
Dungeon (1/15)

Altars:


Message History

The rat barely misses you.
You barely miss the rat.
The rat is severely wounded.
The rat bites you.
You closely miss the rat.
The rat is severely wounded.
The rat bites you.
You hit the rat.
You kill the rat!
You see here a rat corpse.
Casting: Magic Dart (safe; 26% risk of failure)
Confirm with . or Enter, or press ? or * to list all spells.
You don't know that spell.
The adder hisses angrily.
Casting: Magic Dart (safe; 26% risk of failure)
Confirm with . or Enter, or press ? or * to list all spells.
Aiming: Magic Dart (safe; 26% risk of failure)
Press: ? - help, Shift-Dir - straight line, f - adder
Aim: an adder (100% to hit)
The magic dart hits the adder but does no damage.
Unknown command.
Casting: Magic Dart (safe; 26% risk of failure)
Confirm with . or Enter, or press ? or * to list all spells.
Aiming: Magic Dart (safe; 26% risk of failure)
Press: ? - help, Shift-Dir - straight line, f/p - adder
Aim: an adder (100% to hit)
The magic dart hits the adder.
The adder is moderately wounded.
The adder bites you. The adder misses you.
Unknown command.
You see here a rat corpse.
The adder bites you.
* * * LOW HITPOINT WARNING * * *
You are lethally poisoned!
The adder poisons you!
You hit the adder but do no damage.
The adder is moderately wounded.
* * * LOW HITPOINT WARNING * * *
You feel sick. The adder bites you.
You die...

#............#
#............#.
#.............#
##.....#.#.....
#......†....##
#......#.#..#
#...†......##
#...S.....##
#...@.....#
##.......##
##.....##
#######


You could see an adder.

Vanquished Creatures
  A bat (D:2)
  2 rats (D:2)
3 creatures vanquished.

Notes
Turn   | Place    | Note
-------+----------+-------------------------------------------
     0 | D:1      | eustatius the Demonspawn Wanderer began the quest for the
                  | Orb.
     0 | D:1      | eustatius set off with the following items: a +0 dagger, an
                  | atropa-tipped dart, a datura-tipped dart, a piece from
                  | Xom's chessboard (15/15), a +0 robe; and the following
                  | spell memorised: Magic Dart; and the following spells
                  | available to memorise: Stone Arrow
     0 | D:1      | Reached XP level 1. HP: 13/13 MP: 3/3
     9 | D:1      | You fall into a shaft and drop 1 floor!
    42 | D:2      | Slain by an adder

Illustrated notes

Levels and vault maps discovered:
D:1:      dpeg_arrival_three_same_balls, layout_loops_ring, nrook_loot_triangle
D:2:      layout_rooms, serial_glass, glass_columns_b, glass_columns_a,
          basic_ecumenical_altar, minmay_rat_gold_closets

Action                   || total
-------------------------++-------
Melee: Dagger            ||     7
 Cast: Magic Dart        ||     5
 Stab: Sleeping          ||     1
Dodge: Dodged            ||     6

Table legend: (Time is in decaauts)
 A = Elapsed time spent in this place.
 B = Non-inter-level travel time spent in this place.
 C = Inter-level travel time spent in this place.
 D = Time resting spent in this place.
 E = Time spent auto-exploring this place.
 F = Levels seen in this place.
 G = Mean time per level.
                   A        B        C        D        E       F      G
               +--------+--------+--------+--------+--------+-----+--------+
         Total |     41 |     38 |      3 |      0 |      0 |   2 |   20.5 |
       Dungeon |     41 |     38 |      3 |      0 |      0 |   2 |   20.5 |
               +--------+--------+--------+--------+--------+-----+--------+

Top non-repeatable levels by time:
     D:2: 32 daAuts
     D:1: 9 daAuts
